 Dungeon Crawl Stone Soup version 0.28-a0-1404-g4df0f3684d (webtiles) character file.

Game seed: 9294649595150393826

13748 fragbeetle the Martial Artist (level 11, 0/101 HPs)
             Began as a Grey Draconian Transmuter on Jan 5, 2022.
             Was a High Priest of Lugonu.
             Slain by Snorg (2 damage)
             ... on level 10 of the Dungeon.
             The game lasted 00:49:10 (13074 turns).

fragbeetle the Martial Artist (DrTm)               Turns: 13074, Time: 00:49:11

Health: 0/101      AC: 13    Str: 18    XL:     11   Next: 79%
Magic:  18/18      EV: 15    Int: 13    God:    Lugonu [*****.]
Gold:   1504       SH:  0    Dex: 17    Spells: 2/20 levels left

rFire   . . .      SeeInvis .     - Unarmed
rCold   . . .      Faith    .   (no shield)
rNeg    . . .      Spirit   .   (armour unavailable)
rPois   .          Reflect  .   (helmet currently unavailable)
rElec   .          Harm     .   U - +0 cloak
rCorr   +          Rampage  .   (no gloves)
Will    .....                   (boots currently unavailable)
Stlth   ++........              O - amulet of regeneration
HPRegen 1.06/turn               i - ring of resist corrosion
MPRegen 0.16/turn               s - +6 ring of strength

@: appendages
A: horns 2, talons 2, AC +12, amphibious, unfitting armour, cold-blooded, robust
1
a: End Transformation, Renounce Religion, Depart the Abyss, Bend Space, Banish,
Corrupt, Enter the Abyss


You were on level 10 of the Dungeon.
You worshipped Lugonu.
Lugonu was extremely pleased with you.
You had temporarily grown beastly horns and talons.
You visited 3 branches of the dungeon, and saw 13 of its levels.
You also visited: Sewer and Bailey.

You collected 1504 gold pieces.

Inventory:

Hand Weapons
 T - a +2 halberd of flaming
Missiles
 g - 67 sling bullets
 k - 3 throwing nets
 r - 89 poisoned darts
 N - 4 boomerangs (quivered)
Armour
 z - a +2 hat (melded)
 P - a +0 buckler
 Q - a +0 pair of boots (melded)
 U - a +0 cloak (worn)
Jewellery
 i - a ring of resist corrosion (left hand)
 s - a +6 ring of strength (right hand)
 y - a ring of flight
 K - a ring of poison resistance
 O - an amulet of regeneration (around neck)
 R - a ring of magical power
 V - an amulet of faith
Wands
 h - a wand of iceblast (10)
 j - a wand of polymorph (9)
 q - a wand of digging (17)
 L - a wand of flame (18)
 M - a wand of acid (10)
Scrolls
 c - 3 scrolls of fog
 e - a scroll of enchant weapon
 l - a scroll of torment {unknown}
 m - 3 scrolls of fear
 n - a scroll of silence {unknown}
 o - 2 scrolls of teleportation
 u - a scroll of holy word {unknown}
 v - a scroll of magic mapping
 H - 3 scrolls of vulnerability
 J - 2 scrolls of amnesia
 S - a scroll of identify
 W - a scroll of blinking {unknown}
Potions
 a - 2 potions of curing {unknown}
 b - a potion of ambrosia {unknown}
 d - 2 potions of brilliance
 f - a potion of resistance {unknown}
 t - a potion of mutation {unknown}
 w - a potion of attraction {unknown}
 x - 4 potions of invisibility
 A - 2 potions of might
 C - 2 potions of magic
 D - 4 potions of haste
 E - 2 potions of cancellation {unknown}
 F - 3 potions of heal wounds
 G - 2 potions of flight {unknown}
 I - a potion of berserk rage {unknown}


   Skills:
 + Level 7.2 Fighting
 + Level 6.2 Dodging
 * Level 9.8 Unarmed Combat
 + Level 5.1 Spellcasting
 + Level 7.5 Transmutations
 + Level 7.1 Ice Magic
 * Level 5.6 Earth Magic
 - Level 4.0 Poison Magic
 + Level 5.5 Invocations


You had 2 spell levels left.
You knew the following spells:

 Your Spells              Type           Power      Damage    Failure   Level
a - Beastly Appendage     Tmut           44%        N/A       1%          1
b - Spider Form           Tmut/Pois      18%        N/A       5%          3
c - Ice Form              Ice/Tmut       22%        N/A       9%          4
d - Passwall              Tmut/Erth      16%        N/A       1%          2
e - Wereblood             Tmut           22%        N/A       1%          2
f - Statue Form           Tmut/Erth      13%        N/A       88%         6

Your spell library contained the following spells:

 Spells                   Type           Power      Damage    Failure   Level
 Poisonous Vapours        Pois/Air       16%        N/A       12%         2
 Shock                    Conj/Air       12%        1d3       19%         1
 Summon Small Mammal      Summ           12%        N/A       19%         1
 Corpse Rot               Necr/Air       6%         N/A       28%         2
 Call Canine Familiar     Summ           3%         N/A       50%         3
 Summon Guardian Golem    Hex/Summ       3%         N/A       50%         3
 Swiftness                Air            3%         N/A       50%         3
 Teleport Other           Tloc           3%         N/A       50%         3
 Leda's Liquefaction      Hex/Erth       5%         N/A       50%         4
 Airstrike                Air            1%         N/A       88%         4
 Dispel Undead            Necr           3%         3d7       88%         4
 Passage of Golubria      Tloc           3%         N/A       88%         4
 Death Channel            Necr           1%         N/A       100%        6
 Monstrous Menagerie      Summ           1%         N/A       100%        7


Dungeon Overview and Level Annotations

Branches:
Dungeon (11/15)            Temple (1/1) D:5            Lair (1/6) D:9
    Orc (0/2) D:9           Sewer (visited)          Bailey (visited)

Altars:
Ashenzari
Cheibriados
Dithmenos
Elyvilon
Fedhas
Hepliaklqana
Kikubaaqudgha
Makhleb
Nemelex Xobeh
Okawaru
Qazlal
Ru
Sif Muna
Trog
Uskayaw
Wu Jian
Xom
Yredelemnul
Zin
The Shining One
Lugonu

Annotations:
D:10 Snorg


Innate Abilities, Weirdness & Mutations

You have temporarily grown beastly horns and talons.
Your dull iron-grey scales are very hard. (AC +12)
You are amphibious.
You cannot fit into any form of body armour.
You are cold-blooded and may be slowed by cold attacks.
You are robust. (+10% HP)


Message History

You destroy the howler monkey zombie!
Lugonu accepts your kill.
g - 67 sling bullets (gained 19)
Found a scroll labelled USMIERRUEXT.
W - a scroll labelled USMIERRUEXT Snorg the Insatiable comes into view.
Snorg shouts!
Throw: dart (curare)
Press: ? - help, Shift-Dir - straight line, f - Snorg
Aim: Snorg (63% to hit)
You throw a curare-tipped dart. The curare-tipped dart hits Snorg.
Snorg is poisoned.
Snorg convulses.
Snorg seems to slow down.
Snorg is lightly wounded.
Snorg shakes off her lethargy.
Snorg goes berserk!
Casting: Beastly Appendage (safe; 1% risk of failure)
Confirm with . or Enter, or press ? or * to list all spells.
You extend your transformation's duration.
You hit Snorg.
Snorg is lightly wounded.
Snorg bites you. Snorg misses you. Snorg claws you!!
You punch Snorg! Your kick misses Snorg. You tail-slap Snorg.
Snorg is lightly wounded.
Snorg bites you! Snorg claws you. Snorg claws you!
Snorg bites you but does no damage. Snorg claws you!
Snorg claws you but does no damage.
Snorg rages.
Snorg bites you but does no damage. Snorg claws you but does no damage.
Snorg claws you!
* * * LOW HITPOINT WARNING * * *
You can't see any enemies this would affect, really read the scroll of fear?
Okay, then.
As you read the scroll of summoning, it crumbles to dust.
Wisps of shadow whirl around you... Snorg closely misses you. Snorg claws you!
* * * LOW HITPOINT WARNING * * *
Snorg misses you. Snorg barely misses you. Snorg claws you!
* * * LOW HITPOINT WARNING * * *
Snorg claws you.
You die...

### ... ###. #.#######
#.... ........# ##.....
.. #KKY..# ##..... ...
#....Y# #### .....####..
##.K...###.....
....##[..####..KKY.#.(.#
....#....#.....K@T...#
....#....#......OKK###
........##....##.###
รท#....###.....##.#
.###.....^..####.#
...########## #..# ##.#
##.#### #.# #.....#
####### ##'#### #.....#
#####......


You could see Snorg (berserk, poisoned, ally target), a friendly two-headed ogre
(summoned), 3 friendly yaks, a friendly kobold brigand (summoned) and 7 friendly
kobolds.

Vanquished Creatures
  A hydra (D:10)
  Harold (D:9)
  2 two-headed ogres
  An orc knight (Bailey)
  An orc sorcerer (Bailey)
  4 centaur zombies
  Maggie (D:7)
  A komodo dragon (Lair:1)
  Psyche (D:10)
  Grinder (D:3)
  Sigmund (D:3)
  24 yaks
  2 wraiths (D:9)
  Edmund (D:4)
  2 acid dragons (D:11)
  2 water moccasins
  2 black bears
  2 ice beasts
  8 orc warriors
  2 ogres
  The ghost of ReploidZero the Firebug, an amateur HOFE (D:3)
  5 centaurs
  2 phantoms
  2 kobold brigands
  A bullfrog (Lair:1)
  2 scorpions
  A wyvern skeleton (D:7)
  11 wights
  8 howler monkeys
  5 electric eels (Bailey)
  Crazy Yiuf (D:7)
  A jelly (D:8)
  2 orc priests
  2 gnoll shamans
  Ijyb (D:3)
  Terence (D:3)
  9 iguanas
  An orc wizard (D:8)
  2 howler monkey zombies
  16 gnolls
  A howler monkey skeleton (D:6)
  9 adders
  6 river rats (Sewer)
  A shadow imp (D:8)
  An ufetubus (D:5)
  An adder skeleton (D:4)
  4 worms
  3 dart slugs
  22 orcs
  6 ball pythons
  5 bats
  3 endoplasms
  8 giant cockroaches
  17 goblins
  5 hobgoblins
  3 quokkas (D:2)
  5 frilled lizards
  27 kobolds
  20 rats
281 creatures vanquished.

Vanquished Creatures (others)
  An orc (D:7)
  A plant (Lair:1)
2 creatures vanquished.

Grand Total: 283 creatures vanquished

Notes
Turn   | Place    | Note
-------+----------+-------------------------------------------
     0 | D:1      | fragbeetle the Draconian Transmuter began the quest for the
                  | Orb.
     0 | D:1      | Reached XP level 1. HP: 16/16 MP: 3/3
   323 | D:1      | Reached XP level 2. HP: 20/23 MP: 3/5
  1060 | D:2      | Reached XP level 3. HP: 20/29 MP: 4/6
  1093 | D:2      | Reached XP level 4. HP: 18/36 MP: 5/7
  1330 | D:2      | Found a glowing silver altar of Zin.
  1760 | D:2      | Found a faded altar of an unknown god.
  1763 | D:2      | Prayed at the altar of an unknown god.
  1763 | D:2      | Became a worshipper of Lugonu the Unformed
  1763 | D:2      | Reached * piety under Lugonu
  1763 | D:2      | Reached ** piety under Lugonu
  1821 | D:3      | Found a runed translucent door.
  1822 | D:3      | Noticed ReploidZero's ghost (amateur HOFE)
  1958 | D:3      | Noticed Grinder
  1974 | D:3      | Noticed Ijyb
  1980 | D:3      | Killed Grinder
  1981 | D:3      | Reached skill level 4 in Unarmed Combat
  1981 | D:3      | Reached XP level 5. HP: 27/44 MP: 8/8
  1981 | D:3      | Reached XP level 6. HP: 31/50 MP: 9/9
  1987 | D:3      | Killed Ijyb
  2122 | D:3      | Identified the +0 helmet "Xaetitew" {Str+2 Int+4}
  2276 | D:3      | Noticed Terence
  2288 | D:3      | Killed Terence
  2483 | D:3      | Noticed Sigmund
  2505 | D:3      | Killed Sigmund
  2506 | D:3      | Reached skill level 5 in Unarmed Combat
  2506 | D:3      | Your scales start taking on a dull iron-grey colour.
  2506 | D:3      | Reached XP level 7. HP: 27/57 MP: 10/10
  2665 | D:3      | Learned a level 3 spell: Spider Form
  2686 | D:3      | Killed ReploidZero's ghost
  3208 | D:4      | Learned a level 4 spell: Ice Form
  3366 | D:4      | Found a burning altar of Makhleb.
  3366 | D:4      | Noticed Edmund
  3381 | D:4      | Killed Edmund
  3382 | D:4      | Reached skill level 5 in Transmutations
  3382 | D:4      | Reached skill level 1 in Poison Magic
  3563 | D:4      | Found a shimmering blue altar of Sif Muna.
  3790 | D:5      | Entered Level 5 of the Dungeon
  3971 | D:5      | Found a staircase to the Ecumenical Temple.
  3980 | Temple   | Entered the Ecumenical Temple
  4346 | D:5      | Reached skill level 1 in Ice Magic
  4575 | D:5      | Reached XP level 8. HP: 66/66 MP: 7/11
  4827 | D:5      | Got the Grimoire of the Shifting Voyage
  4948 | D:5      | Learned a level 2 spell: Passwall
  4996 | D:6      | Found a glowing drain.
  5019 | Sewer    | Entered a sewer
  5088 | Sewer    | Reached *** piety under Lugonu
  5112 | Sewer    | Reached skill level 6 in Unarmed Combat
  5774 | D:6      | Reached **** piety under Lugonu
  5785 | D:6      | Reached skill level 1 in Invocations
  5788 | D:6      | Found an ornate altar of the Wu Jian Council.
  6273 | D:6      | Learned a level 2 spell: Wereblood
  6839 | D:7      | Noticed Maggie
  6912 | D:7      | Reached XP level 9. HP: 54/72 MP: 10/13
  6925 | D:7      | Found a flagged portal.
  6937 | Bailey   | Entered a bailey
  6951 | Bailey   | HP: 3/73 [electric eel/bolt of electricity (14)]
  7800 | Bailey   | Noticed an orc high priest
  7802 | Bailey   | Noticed a soul eater
  8074 | Bailey   | Reached skill level 5 in Fighting
  8074 | Bailey   | Reached skill level 7 in Unarmed Combat
  8154 | Bailey   | Acquired 895 gold pieces
  8253 | Bailey   | Noticed an orc knight
  8318 | Bailey   | Killed an orc knight
  8504 | Bailey   | Noticed a rust devil
  8512 | Bailey   | Noticed a sixfirhy
  8512 | Bailey   | Gained mutation: You are robust. (+10% HP) [a neqoxec]
  8637 | Bailey   | Noticed a red devil
  8638 | Bailey   | Noticed a rust devil
  8647 | Bailey   | Banished an orc high priest
  8681 | Bailey   | Noticed an orc sorcerer
  8723 | Bailey   | Killed an orc sorcerer
  8724 | Bailey   | Reached skill level 5 in Ice Magic
  8724 | Bailey   | Reached XP level 10. HP: 47/91 MP: 11/15
  8870 | Bailey   | Identified the +5 chain mail of Jocular the Good {Fly}
  8877 | Bailey   | Found an iron altar of Okawaru.
  8900 | Bailey   | Got Sif Muna's Incunabulum of Dusty Summoning
  9439 | D:7      | Reached skill level 8 in Unarmed Combat
  9751 | D:7      | Found a runed translucent door.
  9752 | D:7      | Noticed Crazy Yiuf
  9857 | D:8      | Reached skill level 5 in Dodging
  9857 | D:8      | Reached skill level 1 in Earth Magic
 10182 | D:8      | Found a shadowy altar of Dithmenos.
 10186 | D:8      | You are sucked into a shaft and drop 3 floors!
 10222 | D:11     | Noticed a boulder beetle
 10475 | D:10     | Entered Level 10 of the Dungeon
 10674 | D:10     | Noticed Psyche
 10685 | D:10     | Killed Psyche
 10828 | D:10     | Reached ***** piety under Lugonu
 10855 | D:10     | Found a shimmering altar of Xom.
 10858 | D:10     | Found a stormy altar of Qazlal.
 10860 | D:10     | Found an ancient bone altar of Kikubaaqudgha.
 10903 | D:9      | Found a staircase to the Lair.
 10932 | D:9      | Reached XP level 11. HP: 100/100 MP: 17/17
 10974 | Lair:1   | Entered Level 1 of the Lair of Beasts
 11023 | Lair:1   | Reached skill level 9 in Unarmed Combat
 11187 | D:9      | Found a basalt altar of Yredelemnul.
 11609 | D:8      | Found a hide-covered altar of Uskayaw.
 11637 | D:8      | Noticed a two-headed ogre
 11649 | D:8      | Killed a two-headed ogre
 11663 | D:8      | Learned a level 6 spell: Statue Form
 11838 | D:7      | Killed Maggie
 11839 | D:7      | Reached skill level 5 in Invocations
 12323 | D:7      | Killed Crazy Yiuf
 12422 | D:9      | Found a staircase to the Orcish Mines.
 12435 | D:9      | Noticed Harold
 12453 | D:9      | Killed Harold
 12525 | D:9      | Found a hazy altar of Hepliaklqana.
 12679 | D:10     | Noticed an eight-headed hydra
 12686 | D:10     | Killed an eight-headed hydra
 12687 | D:10     | Reached skill level 5 in Spellcasting
 12687 | D:10     | Reached skill level 5 in Earth Magic
 12745 | D:10     | Noticed a two-headed ogre
 12754 | D:10     | Killed a two-headed ogre
 13066 | D:10     | Noticed Snorg
 13074 | D:10     | HP: 2/101 [Snorg (11)]
 13074 | D:10     | Slain by Snorg

Illustrated notes

Levels and vault maps discovered:
D:1:      lemuel_arrival_room, layout_loops_ring, minmay_misc_feat_secret_circle
D:2:      layout_rooms, hellmonk_ecumenical_altar_inner_sanctum, basic_altar,
          minmay_quantized
D:3:      layout_rooms, ebering_ghost_sewer_d, chequers_serial_rivers_room_a,
          ebering_dispersal_statue_hall, uniq_ijyb, uniq_terence, uniq_sigmund,
          uniq_grinder
D:4:      layout_cave_pods, nicolae_overflow_crystal_walls,
          overflow_temple_1_default, uniq_edmund
D:5:      layout_basic, minmay_temple_entry_gardened_gates
D:6:      layout_gridville, nicolae_wu_jian_wuxing_cycle,
          cheibrodos_sewer_entry_drain
D:7:      layout_loops_ring, lightli_bailey_entry_fortress, uniq_maggie,
          uniq_crazy_yiuf_cottage
D:8:      layout_gridville, mainiacjoe_overflow_cross_hatched,
          grunt_dithmenos_smoke
D:9:      layout_cross, mainiacjoe_overflow_six_doors_small, lemuel_round_altar,
          lair_entry_dummy, orc_0_dummy, serial_park, serial_park_paths
          [serial_park_minivault_5x5_1], serial_park_square2, uniq_harold
D:10:     layout_roguey, nicolae_overflow_hidden_temple, grunt_ministairs_9,
          minmay_misc_feat_pillars, minmay_bent, uniq_maurice, uniq_psyche,
          uniq_snorg
D:11:     layout_basic
Temple:   cyrus_temple_forest
Lair:1:   layout_loops_ring

Skill      XL: |  1  2  3  4  5  6  7  8  9 10 11 |
---------------+----------------------------------+-----
Dodging        | 2 3 4 5 6 |  6.2
Fighting       | 2 3 4 5 6 7 |  7.2
Transmutations | 3 4 5 6 7 |  7.5
Unarmed Combat | 4 5 6 7 8 9 |  9.8
Poison Magic   | 2 3 4 |  4.0
Ice Magic      | 1 3 5 6 7 |  7.1
Invocations    | 2 3 4 5 |  5.5
Spellcasting   | 3 4 5 |  5.1
Earth Magic    | 3 5 |  5.6

Action                   |  1- 3 |  4- 6 |  7- 9 | 10-12 || total
-------------------------+-------+-------+-------+-------++-------
Melee: Unarmed           |    60 |   103 |   342 |   424 ||   929
       Kick              |    18 |    28 |    83 |   149 ||   278
       Tailslap          |     5 |    12 |    41 |    63 ||   121
       Headbutt          |     4 |    11 |    45 |   113 ||   173
       Punch             |     1 |       |    16 |    28 ||    45
Throw: Boomerang         |       |     3 |    21 |     2 ||    26
       Dart              |       |       |    30 |    16 ||    46
 Cast: Beastly Appendage |    21 |    21 |    48 |    51 ||   141
       Spider Form       |       |       |    12 |     3 ||    15
       Ice Form          |       |       |       |     4 ||     4
       Wereblood         |       |       |       |     1 ||     1
Invok: Bend Space        |       |     1 |     2 |       ||     3
       Banish            |       |       |     1 |       ||     1
Evoke: Wand              |       |       |     4 |       ||     4
  Use: Scroll            |       |       |     6 |    13 ||    19
       Potion            |       |       |     1 |       ||     1
 Stab: Sleeping          |       |     1 |     3 |       ||     4
Armor: Skin              |    17 |    10 |    64 |   125 ||   216
Dodge: Dodged            |    42 |    50 |   174 |   252 ||   518

Table legend: (Time is in decaauts)
 A = Elapsed time spent in this place.
 B = Non-inter-level travel time spent in this place.
 C = Inter-level travel time spent in this place.
 D = Time resting spent in this place.
 E = Time spent auto-exploring this place.
 F = Levels seen in this place.
 G = Mean time per level.
                   A        B        C        D        E       F      G
               +--------+--------+--------+--------+--------+-----+--------+
         Total |  12981 |  12621 |    360 |   2095 |   5531 |  15 |  865.4 |
       Dungeon |   9876 |   9516 |    360 |    721 |   5256 |  11 |  897.8 |
        Temple |    105 |    105 |      0 |      0 |      0 |   1 |  105.0 |
          Lair |    127 |    127 |      0 |     34 |      0 |   1 |  127.0 |
         Sewer |    547 |    547 |      0 |      0 |    272 |   1 |  547.0 |
        Bailey |   2325 |   2325 |      0 |   1340 |      3 |   1 | 2325.0 |
               +--------+--------+--------+--------+--------+-----+--------+

Top non-repeatable levels by time:
  Bailey: 2325 daAuts
     D:6: 1472 daAuts
     D:7: 1259 daAuts
     D:5: 1092 daAuts
     D:3: 1085 daAuts
     D:1: 1022 daAuts
     D:4: 876 daAuts
     D:2: 794 daAuts
    D:10: 783 daAuts
     D:8: 653 daAuts
   Sewer: 547 daAuts
     D:9: 501 daAuts
    D:11: 334 daAuts
  Lair:1: 127 daAuts
  Temple: 105 daAuts
